 Dungeon Crawl Stone Soup version 0.26.0-10-g1f06aea511 (webtiles) character file.

Game seed: 16022159801398082195

66 Marvel the Skirmisher (level 3, -3/30 HPs)
             Began as a Demonspawn Abyssal Knight on Jan 14, 2021.
             Was a Believer of Lugonu.
             Slain by an orc
             ... wielding a +0 flail
              (8 damage)
             ... on level 3 of the Dungeon.
             The game lasted 00:04:30 (1688 turns).

Marvel the Skirmisher (Demonspawn Abyssal Knight)   Turns: 1688, Time: 00:04:31

Health: -3/30      AC:  5    Str: 11 (13) XL:     3   Next: 96%
Magic:  5/5        EV: 11    Int: 12 (13) God:    Lugonu [**....]
Gold:   63         SH:  0    Dex:  9 (12) Spells: 2/2 levels left

rFire    . . .     SeeInvis .   a - +1 hand axe
rCold    . . .     Faith    .   (no shield)
rNeg     . . .     Spirit   .   b - +0 leather armour
rPois    .         Reflect  .   (helmet restricted)
rElec    .         Harm     .   (no cloak)
rCorr    .         Rampage  .   (no gloves)
Will     .....                  (no boots)
Stlth    +.........             (no amulet)
HPRegen  0.10/turn              (no ring)
MPRegen  0.09/turn              (no ring)

@: no status effects
A: horns 1, thin metallic scales 1
a: Renounce Religion, Depart the Abyss, Bend Space


You were on level 3 of the Dungeon.
You worshipped Lugonu.
Lugonu was pleased with you.
You visited 1 branch of the dungeon, and saw 3 of its levels.
You visited the Abyss 1 time.

You collected 63 gold pieces.

Inventory:

Hand Weapons
 a - a +1 hand axe (weapon)
Armour
 b - a +0 leather armour (worn)
Magical Staves
 k - an uncursed staff of cold
Scrolls
 c - 3 scrolls of identify {unknown}
 d - 2 scrolls of teleportation {unknown}
 e - 2 scrolls of remove curse {unknown}
 f - a scroll of noise {unknown}
 g - a scroll of enchant armour {unknown}
 i - a scroll of amnesia {unknown}
Potions
 h - a potion of attraction {unknown}
 j - a potion of haste {unknown}


   Skills:
 + Level 3.8 Fighting
 + Level 2.8 Axes
 - Level 1.8 Armour
 - Level 0.8 Dodging
 - Level 3.2 Invocations


You had 2 spell levels left.
You didn't know any spells.
Your spell library was empty.

Dungeon Overview and Level Annotations

Branches:
Dungeon (3/15)

Altars:
Yredelemnul

Annotations:
D:3 Terence


Innate Abilities, Weirdness & Mutations

You have a pair of small horns on your head.
You are partially covered in thin metallic scales. (AC +2)


Message History

The orc hits you with a +0 flail.
You hit the orc but do no damage.
The orc is lightly wounded.
The orc hits you but does no damage.
You hit the orc but do no damage. You headbutt the orc, but do no damage.
The orc is lightly wounded.
The orc misses you.
You hit the orc but do no damage.
The orc is lightly wounded.
The orc closely misses you.
You hit the orc.
The orc is almost dead.
The orc hits you with a +0 flail!
* * * LOW HITPOINT WARNING * * *
You closely miss the orc.
The orc is almost dead.
You hit the orc but do no damage.
The orc is almost dead.
The orc hits you with a +0 flail!
You die...

.#################...#####
..........................
.#################..#####
.# #(.# .# ##..# .# #...#
## #†#.# ##...# #@..#...≈≈
#o#...#.≈≈ .....## ≈≈
...#.## .##.#.# .. ....#
## #...# #.. ..@
#.........


You could see an orc.

Vanquished Creatures
  An adder (D:3)
  2 leopard geckos (D:1)
  2 orcs (D:3)
  7 giant cockroaches
  7 goblins
  3 hobgoblins
  3 jackals (D:3)
  2 ball pythons
  9 bats
  2 frilled lizards
  5 kobolds
  6 rats
49 creatures vanquished.

Notes
Turn   | Place    | Note
-------+----------+-------------------------------------------
     0 | Abyss:1  | Marvel the Demonspawn Abyssal Knight began the quest for
                  | the Orb.
     0 | Abyss:1  | Reached XP level 1. HP: 18/18 MP: 2/2
    53 | Abyss:1  | Noticed a spatial vortex
    67 | Abyss:1  | Found a hazy altar of Hepliaklqana.
    98 | Abyss:1  | Noticed an ancient zyme
   105 | Abyss:1  | Noticed a smoke demon
   121 | Abyss:1  | Noticed a ynoxinul
   122 | D:1      | Escaped the Abyss
   301 | D:1      | Gained mutation: You have a pair of small horns on your
                  | head. [demonic ancestry]
   301 | D:1      | Reached XP level 2. HP: 21/24 MP: 4/4
   317 | D:1      | Reached * piety under Lugonu
   897 | D:1      | You fall into a shaft and drop 1 floor!
   900 | D:2      | Gained mutation: You are partially covered in thin metallic
                  | scales. (AC +2) [demonic ancestry]
   900 | D:2      | Reached XP level 3. HP: 29/29 MP: 5/5
  1049 | D:2      | Found a basalt altar of Yredelemnul.
  1353 | D:3      | Noticed Terence
  1383 | D:3      | Reached ** piety under Lugonu
  1688 | D:3      | Slain by an orc

Illustrated notes

Levels and vault maps discovered:
D:1:      matt_arrival_refuge, layout_rooms
D:2:      cheibrodos_pilgrimage, layout_basic, lemuel_crystal_altar,
          lemuel_round_altar
D:3:      layout_rooms, general_overflow_altar,
          chequers_ecumenical_altar_twisty, uniq_terence

Skill      XL: |  1  2 |
---------------+-------+-----
Invocations    | 3 |  3.2
Axes           | 2 |  2.8
Fighting       | |  3.8
Armour         | |  1.8
Dodging        | |  0.8

Action                   || total
-------------------------++-------
Melee: Hand axe          ||   160
       Headbutt          ||     9
Invok: Depart the Abyss  ||     1
  Use: Potion            ||     1
 Stab: Sleeping          ||     1
Armor: Leather armour    ||    63
Dodge: Dodged            ||   126
